 Dungeon Crawl Stone Soup version 0.27-a0-1334-g2746e35aca (webtiles) character file.

Game seed: 8099582499599332511

2745 jasper the Transmogrifier (level 9, -13/82 HPs)
             Began as a Merfolk Transmuter on June 26, 2021.
             Was a Believer of Okawaru.
             Mangled by a two-headed ogre (24 damage)
             ... on level 8 of the Dungeon.
             The game lasted 00:12:09 (7518 turns).

jasper the Transmogrifier (Merfolk Transmuter)      Turns: 7518, Time: 00:12:09

Health: -13/82     AC:  9    Str: 10    XL:     9   Next: 68%
Magic:  5/13       EV: 13    Int: 22    God:    Okawaru [**....]
Gold:   259        SH:  0    Dex: 14    Spells: 0/13 levels left

rFire    x . .     SeeInvis .     - Unarmed
rCold    + + +     Faith    .   (shield currently unavailable)
rNeg     . . .     Spirit   .   (armour currently unavailable)
rPois    +         Reflect  .   (helmet currently unavailable)
rElec    .         Harm     .   (cloak currently unavailable)
rCorr    +         Rampage  .   (gloves currently unavailable)
Will     .....                  (boots currently unavailable)
Stlth    +.........             l - amulet of regeneration
HPRegen  1.23/turn              f - ring of resist corrosion
MPRegen  0.13/turn              s - +6 ring of intelligence

@: ice-form, very slightly contaminated
A: freezing attack, boosted hp, large, (nimble swimmer 2), (mertail)
a: End Transformation, Renounce Religion, Heroism


You were on level 8 of the Dungeon.
You worshipped Okawaru.
Okawaru was pleased with you.
You were a creature of crystalline ice.
You visited 2 branches of the dungeon, and saw 9 of its levels.
You also visited: Ossuary.

You collected 1143 gold pieces.
You spent 884 gold pieces at shops.

Inventory:

Hand Weapons
 h - a +0 hunting sling (melded)
Missiles
 i - 294 stones (quivered)
 j - 8 javelins
 D - a throwing net
Armour
 a - a +0 robe
 d - a +0 cloak (melded)
 e - a +0 leather armour (melded)
 m - a +1 pair of gloves (melded)
 u - a +0 pair of boots (melded)
Jewellery
 f - a ring of resist corrosion (left front paw)
 l - an amulet of regeneration (around neck)
 o - an amulet of guardian spirit
 s - a +6 ring of intelligence (right front paw)
 w - an amulet of reflection
 B - a +6 ring of dexterity
Wands
 g - a wand of mindburst (10)
 n - a wand of charming (6)
 y - a wand of flame (20)
 z - a wand of iceblast (5)
Scrolls
 r - a scroll of magic mapping
 t - 2 scrolls of identify
 x - 2 scrolls of teleportation
 C - a scroll of amnesia
 E - a scroll of fear
Potions
 b - 6 potions of curing
 c - 3 potions of heal wounds
 k - a potion of attraction
 p - 4 potions of brilliance
 q - 4 potions of invisibility
 v - a potion of might
 F - 2 potions of mutation


   Skills:
 + Level 6.0 Fighting
 + Level 7.6 Dodging
 * Level 7.3 Unarmed Combat
 + Level 2.8 Spellcasting
 - Level 8.2 Transmutations
 - Level 6.0 Ice Magic


You couldn't memorise any spells.
You knew the following spells:

 Your Spells              Type           Power      Damage    Failure   Level
a - Spider Form           Tmut/Pois      10%        N/A       7%          3
b - Wereblood             Tmut           39%        N/A       1%          2
c - Ice Form              Ice/Tmut       34%        N/A       7%          4
d - Animate Skeleton      Necr           6%         N/A       13%         1
e - Apportation           Tloc           6%         N/A       13%         1
f - Blink                 Tloc           N/A        N/A       19%         2

Your spell library contained the following spells:

 Spells                   Type           Power      Damage    Failure   Level
 Beastly Appendage        Tmut           78%        N/A       1%          1
 Sting                    Tmut/Pois      84%        1d7       2%          1
 Ignite Poison            Fire/Tmut/Pois 15%        N/A       12%         3
 Corona                   Hex            3%         N/A       13%         1
 Summon Small Mammal      Summ           12%        N/A       13%         1
 Poisonous Vapours        Pois/Air       6%         N/A       19%         2
 Petrify                  Tmut/Erth      21%        N/A       22%         4
 Confusing Touch          Hex            3%         N/A       36%         3
 Gell's Gravitas          Tloc           1%         N/A       36%         3
 Lesser Beckoning         Tloc           1%         N/A       36%         3
 Mephitic Cloud           Conj/Pois/Air  3%         N/A       36%         3
 Portal Projectile        Hex/Tloc       6%         N/A       36%         3
 Yara's Violent Unravell  Hex/Tmut       10%        3d6       54%         5
 Metabolic Englaciation   Hex/Ice        8%         N/A       71%         5
 Olgreb's Toxic Radiance  Pois           3%         N/A       77%         4
 Manifold Assault         Tloc           3%         N/A       98%         5
 Disjunction              Tloc           1%         N/A       100%        8


Dungeon Overview and Level Annotations

Branches:
Dungeon (8/15)             Temple (1/1) D:6         Ossuary (visited)
   Lair: D:8-11

Altars:
Cheibriados
Fedhas
Gozag
Hepliaklqana
Kikubaaqudgha
Makhleb
Nemelex Xobeh
Okawaru
Qazlal
Ru
Sif Muna
Trog
Vehumet
Wu Jian
Xom
Yredelemnul
Zin
The Shining One

Shops:
D:7 *

Annotations:
D:5 exclusion: door


Innate Abilities, Weirdness & Mutations

You are a creature of crystalline ice.
You have a powerful freezing melee attack.
Your maximum health is increased.
Your armour is entirely melded.
You are incapable of wielding weapons or throwing items.
((You are quick and stealthy near water. (Stealth+, EV+, Speed+++)))
((Your lower body shifts to a powerful aquatic tail in water.))


Message History

The two-headed ogre hits you with a +0 giant club.
* * * LOW HITPOINT WARNING * * *
The two-headed ogre closely misses you.
You take 5 damage, and have 13/82 hp.
You now have 8/13 mp.
Casting: Blink (safe; 19% risk of failure)
Confirm with . or Enter, or press ? or * to list all spells.
You blink.
You regained 2 hp, and now have 15/82 hp.
You now have 6/13 mp.
Casting: Blink (safe; 19% risk of failure)
Confirm with . or Enter, or press ? or * to list all spells.
You blink.
Found a scroll of immolation.
You now have 4/13 mp.
Aiming: Mindburst
Press: ? - help, Shift-Dir - straight line, f - two-headed ogre
Aim: a two-headed ogre, wielding a +0 giant club and a +0 great mace of protection (moderately wounded, chance to affect: 48%)
The two-headed ogre's minds are blasted!
Aiming: Mindburst
Press: ? - help, Shift-Dir - straight line, f/p - two-headed ogre
Aim: a two-headed ogre, wielding a +0 giant club and a +0 great mace of protection (heavily wounded, chance to affect: 48%)
The two-headed ogre resists with some effort.
Aiming: Mindburst
Press: ? - help, Shift-Dir - straight line, f/p - two-headed ogre
Aim: a two-headed ogre, wielding a +0 giant club and a +0 great mace of protection (heavily wounded, chance to affect: 48%)
The two-headed ogre's minds are blasted!
Aiming: Mindburst
Press: ? - help, Shift-Dir - straight line, f/p - two-headed ogre
Aim: a two-headed ogre, wielding a +0 giant club and a +0 great mace of protection (severely wounded, chance to affect: 48%)
The two-headed ogre resists with some effort.
You regained 2 hp, and now have 21/82 hp.
You hit the two-headed ogre. You freeze the two-headed ogre.
The two-headed ogre is severely wounded.
The two-headed ogre closely misses you.
The two-headed ogre hits you with a +0 great mace of protection!
* * * LOW HITPOINT WARNING * * *
You take 11 damage, and have 10/82 hp.
You punch the two-headed ogre! You freeze the two-headed ogre.
The two-headed ogre is almost dead.
The two-headed ogre hits you with a +0 giant club!!
You die...

#### ..# #.#
#Y####
...?...O...#
#######.##.#
#.##.# #.##.#
#.##.#############
#.................
###..####.#####.##
###.ยง####.#####.#


You could see a two-headed ogre.

Vanquished Creatures
  Pikel (D:7)
  Menkaure (D:7)
  2 steam dragons
  An ice beast (D:6)
  2 centaurs
  A phantom (D:4)
  A bullfrog (D:6)
  A gnoll sergeant (D:6)
  2 scorpions
  A wyvern skeleton (D:7)
  2 water moccasin zombies
  2 water moccasin skeletons
  3 wights (D:8)
  3 centaur zombies (Ossuary)
  3 orc priests (D:6)
  2 hounds (D:4)
  A human zombie (Ossuary)
  2 jellies (D:6)
  A gnoll shaman (D:7)
  3 centaur skeletons
  3 iguanas
  3 orc wizards
  A hound zombie (D:3)
  2 mummies (Ossuary)
  A howler monkey zombie (D:7)
  A howler monkey skeleton (D:4)
  6 adders
  13 gnolls
  A white imp (D:6)
  An ufetubus (D:7)
  2 adder zombies (Ossuary)
  2 worms
  3 dart slugs
  8 orcs
  4 ball pythons
  5 endoplasms
  3 giant cockroaches
  8 hobgoblins
  5 jackals
  9 kobolds
  2 quokkas
  3 bats
  4 frilled lizards
  5 goblins
  A goblin zombie (Ossuary)
  9 hobgoblin zombies (Ossuary)
  A jackal zombie (Ossuary)
  6 kobold zombies (Ossuary)
  10 orc zombies (Ossuary)
  10 rats
  3 rat zombies (Ossuary)
170 creatures vanquished.

Notes
Turn   | Place    | Note
-------+----------+-------------------------------------------
     0 | D:1      | jasper the Merfolk Transmuter began the quest for the Orb.
     0 | D:1      | Reached XP level 1. HP: 15/15 MP: 3/3
   380 | D:1      | Reached XP level 2. HP: 21/21 MP: 3/5
  1037 | D:1      | Learned a level 2 spell: Wereblood
  1051 | D:2      | Reached XP level 3. HP: 27/27 MP: 4/6
  2022 | D:2      | Learned a level 3 spell: Spider Form
  2144 | D:3      | Found an ornate altar of the Wu Jian Council.
  2232 | D:3      | Reached XP level 4. HP: 34/34 MP: 7/7
  3213 | D:4      | Reached XP level 5. HP: 40/40 MP: 8/8
  3452 | D:4      | Reached skill level 5 in Dodging
  3600 | D:4      | Reached skill level 5 in Unarmed Combat
  3600 | D:4      | Reached XP level 6. HP: 34/48 MP: 9/9
  3605 | D:4      | Learned a level 4 spell: Ice Form
  3722 | D:4      | Reached skill level 3 in Transmutations
  3722 | D:4      | Reached skill level 1 in Ice Magic
  3890 | D:4      | Reached skill level 4 in Transmutations
  4051 | D:4      | Found a basalt altar of Yredelemnul.
  4092 | D:5      | Entered Level 5 of the Dungeon
  4186 | D:5      | Found a shimmering blue altar of Sif Muna.
  4277 | D:5      | Found a sparkling altar of Nemelex Xobeh.
  4414 | D:5      | Reached XP level 7. HP: 53/53 MP: 10/10
  4467 | D:5      | Reached skill level 5 in Transmutations
  4829 | D:6      | Reached skill level 6 in Transmutations
  4866 | D:6      | Reached XP level 8. HP: 60/60 MP: 2/11
  5082 | D:6      | Reached skill level 5 in Ice Magic
  5099 | D:6      | Reached skill level 7 in Transmutations
  5546 | D:6      | Reached skill level 8 in Transmutations
  5686 | D:6      | Found a staircase to the Ecumenical Temple.
  5695 | Temple   | Entered the Ecumenical Temple
  5915 | Temple   | Became a worshipper of Warmaster Okawaru
  5965 | D:7      | Learned a level 1 spell: Animate Skeleton
  5967 | D:7      | Learned a level 1 spell: Apportation
  6060 | D:7      | Noticed an angel
  6061 | D:7      | Found a glowing silver altar of Zin.
  6138 | D:7      | Found Omnaohynt's General Store.
  6227 | D:7      | Noticed Pikel
  6236 | D:7      | Killed Pikel
  6236 | D:7      | Reached * piety under Okawaru
  6237 | D:7      | Reached skill level 5 in Fighting
  6237 | D:7      | Reached XP level 9. HP: 33/68 MP: 3/12
  6483 | D:7      | Found a sand-covered staircase.
  6612 | Ossuary  | Entered an ossuary
  7110 | D:7      | Identified a scroll of acquirement
  7110 | D:7      | Acquired 770 gold pieces
  7153 | D:7      | Noticed Menkaure
  7158 | D:7      | Killed Menkaure
  7427 | D:7      | Bought a scroll of acquirement for 676 gold pieces
  7427 | D:7      | Bought 2 potions of mutation for 208 gold pieces
  7427 | D:7      | Acquired jasper's Almanac of Orientation
  7432 | D:7      | Learned a level 2 spell: Blink
  7454 | D:8      | Reached ** piety under Okawaru
  7497 | D:8      | Noticed a two-headed ogre
  7518 | D:8      | Mangled by a two-headed ogre

Illustrated notes

Levels and vault maps discovered:
D:1:      mainiacjoe_arrival_reflecting_pool, layout_rooms, minmay_bisected
D:2:      layout_basic
D:3:      layout_loops_corners, pdpol_wu_jian_five_deadly_venoms,
          chequers_arboretum, kennysheep_path_1
D:4:      layout_basic, kennysheep_little_box, kennysheep_generic_room_5
D:5:      layout_rooms, led_sif_book, overflow_temple_1_default, chequers_avenue
D:6:      cheibrodos_quashed, layout_rooms, temple_hall
D:7:      layout_gridville, zin_angel, enter_ossuary_2, serial_shops, shop,
          hangedman_abyss_or_decor_stagger, uniq_menkaure, uniq_pikel
D:8:      layout_loops_ring, grunt_lair_entry_orc_guard_hut
Temple:   nicolae_temple_figure_eight

Skill      XL: |  1  2  3  4  5  6  7  8  9 |
---------------+----------------------------+-----
Dodging        | 3 4 5 7 |  7.6
Fighting       | 2 3 5 6 |  6.0
Unarmed Combat | 4 5 6 7 |  7.3
Transmutations | 4 6 8 |  8.2
Ice Magic      | 2 4 6 |  6.0
Spellcasting   | |  2.8

Action                   |  1- 3 |  4- 6 |  7- 9 || total
-------------------------+-------+-------+-------++-------
Melee: Unarmed           |    75 |     9 |   185 ||   269
       Headbutt          |     8 |       |       ||     8
       Punch             |     1 |       |       ||     1
 Fire: Hunting sling     |    50 |   250 |   179 ||   479
 Cast: Beastly Appendage |    20 |       |       ||    20
       Spider Form       |       |     1 |       ||     1
       Ice Form          |       |       |    18 ||    18
       Blink             |       |       |     2 ||     2
Evoke: Wand              |       |       |     6 ||     6
  Use: Scroll            |     5 |     6 |     6 ||    17
       Potion            |       |       |     1 ||     1
Armor: Robe              |     1 |       |       ||     1
       Leather armour    |     9 |    64 |    46 ||   119
       Skin              |       |     2 |    84 ||    86
Dodge: Dodged            |    52 |   137 |   238 ||   427

Table legend: (Time is in decaauts)
 A = Elapsed time spent in this place.
 B = Non-inter-level travel time spent in this place.
 C = Inter-level travel time spent in this place.
 D = Time resting spent in this place.
 E = Time spent auto-exploring this place.
 F = Levels seen in this place.
 G = Mean time per level.
                   A        B        C        D        E       F      G
               +--------+--------+--------+--------+--------+-----+--------+
         Total |   7586 |   7287 |    299 |    379 |   5426 |  10 |  758.6 |
       Dungeon |   7012 |   6728 |    284 |    379 |   5049 |   8 |  876.5 |
        Temple |    236 |    221 |     15 |      0 |    207 |   1 |  236.0 |
       Ossuary |    336 |    336 |      0 |      0 |    170 |   1 |  336.0 |
               +--------+--------+--------+--------+--------+-----+--------+

Top non-repeatable levels by time:
     D:6: 1095 daAuts
     D:2: 1048 daAuts
     D:3: 1044 daAuts
     D:1: 1036 daAuts
     D:4: 1010 daAuts
     D:7: 993 daAuts
     D:5: 712 daAuts
 Ossuary: 336 daAuts
  Temple: 236 daAuts
     D:8: 71 daAuts
